 Dungeon Crawl Stone Soup version 0.19.0-11-g3fc08b3 (webtiles) character file.

4613 Jerry the Slicer (level 10, 0/53 HPs)
             Began as a Vine Stalker Assassin on Nov 9, 2016.
             Was a Follower of Uskayaw.
             Slain by a seven-headed hydra (2 damage)
             ... on level 8 of the Dungeon.
             The game lasted 00:46:18 (8352 turns).

Jerry the Slicer (Vine Stalker Assassin)            Turns: 8352, Time: 00:46:48

Health: 0/53       AC:  8    Str: 15    XL:     10   Next: 42%
Magic:  0/14       EV: 11    Int: 11    God:    Uskayaw [*.....]
Gold:   612        SH:  4    Dex: 16    Spells: 1 memorised, 7 levels left

rFire  x . .     SeeInvis .     p - +2 short sword (venom)
rCold  + . .     Gourm    .     v - +0 leather armour
rNeg   . . .     Faith    +     (no shield)
rPois  .         Spirit   +     u - +2 helmet
rElec  .         Reflect  .     d - +0 cloak
rCorr  .         Harm     .     (no gloves)
MR     ++...                    (no boots)
Stlth  ++++......               O - amulet of faith
                                z - ring of protection from magic
                                h - ring of ice

@: studying Air Magic
A: fangs 3, talons 1, large bone plates 1, regeneration 1, weak 1, magic shield,
antimagic bite, no device heal 3, rot immunity
a: Stomp, Renounce Religion


You were on level 8 of the Dungeon.
You worshipped Uskayaw.
Uskayaw was noncommittal.
You were hungry.

You visited 2 branches of the dungeon, and saw 9 of its levels.
You also visited: Ossuary.

You collected 612 gold pieces.

Inventory:

Hand Weapons
 a - a +2 dagger
 b - a +0 blowgun
 p - a +2 short sword of venom (weapon)
Missiles
 e - 29 poisoned needles
 f - 2 curare-tipped needles
Armour
 d - a +0 cloak (worn)
 u - a +2 helmet (worn)
 v - a +0 leather armour (worn)
Jewellery
 h - a ring of ice (left hand)
 z - a ring of protection from magic (right hand)
 O - an amulet of faith (around neck)
Wands
 r - a wand of digging (8/24)
 E - a wand of digging (13/24)
 J - a wand of digging (10/24)
 K - a wand of iceblast (7/15)
 L - a wand of digging (9/24)
 M - a wand of flame (35/48)
 N - a wand of confusion (32/48)
 T - a wand of slowing (17/48)
 U - a wand of polymorph (10/24)
 V - a wand of polymorph (6/24)
Scrolls
 i - 3 scrolls of teleportation {unknown}
 j - a scroll of identify
 k - 4 scrolls of remove curse {unknown}
 n - a scroll of fear {unknown}
 o - a scroll of enchant armour {unknown}
 x - 2 scrolls of noise {unknown}
 y - 2 scrolls of enchant weapon {unknown}
 F - a scroll of magic mapping {unknown}
 G - 2 scrolls of immolation {unknown}
 H - 3 scrolls of amnesia {unknown}
Potions
 m - 4 potions of curing
 s - 2 potions of ambrosia
 w - a potion of cure mutation
 B - 2 potions of resistance
 C - a potion of invisibility
 D - 2 potions of cancellation
 I - a potion of lignification
Books
 g - a book of Minor Magic

   Spells                             Type                      Level
   a - Magic Dart                     Conjuration                  1
   b - Blink                          Translocation                2
   c - Call Imp                       Summoning                    2
   d - Repel Missiles                 Charms/Air                   2
   e - Slow                           Hexes                        2
   f - Conjure Flame                  Conjuration/Fire             3
   g - Mephitic Cloud                 Conjuration/Poison/Air       3
 A - Tolox's Grimoire of Cankerous Transmutation
   (You found it on level 6 of the Dungeon)

   Spells                             Type                      Level
   a - Sting                          Conjuration/Poison           1
   b - Sticks to Snakes               Transmutation                2
   c - Irradiate                      Conjuration/Transmutation    5
   d - Poisonous Cloud                Conjuration/Poison/Air       6
   e - Statue Form                    Transmutation/Earth          6
 Q - a manual of Air Magic
Comestibles
 c - 2 beef jerkies
 l - 6 meat rations
 q - 2 slices of pizza
 t - 2 bread rations
 P - 3 fruits
 R - a royal jelly
 S - a chunk of flesh


   Skills:
 + Level 5.8 Fighting
 - Level 12.1 Short Blades
 - Level 1.7 Throwing
 - Level 4.4 Armour
 + Level 0.7 Dodging
 - Level 8.0 Stealth
 + Level 4.1 Invocations


You had 7 spell levels left.
You knew the following spells:

 Your Spells              Type           Power        Failure   Level  Hunger
a - Blink                 Tloc           N/A          69%         2    ###....


Dungeon Overview and Level Annotations

Branches:
Dungeon (8/15)             Temple (1/1) D:7
   Lair: D:8-11

Altars:
Ashenzari
Cheibriados
Dithmenos
Elyvilon
Fedhas
Kikubaaqudgha
Nemelex Xobeh
Okawaru
Qazlal
Ru
Sif Muna
Trog
Uskayaw
Xom
Yredelemnul
The Shining One
Jiyva

Shops:
D:6 }[   D:8 }


Innate Abilities, Weirdness & Mutations

You have razor-sharp teeth.
Your natural rate of healing is unusually fast.
When hurt, damage is shared between your health and your magic reserves.
Your bite disrupts and absorbs the magic of your enemies.
Potions and wands cannot restore your health.
You are immune to rotting.
You have sharp toenails.
You are partially covered in large bone plates. (SH +4)
You are weak. (Str -2)


Message History

You can now pass through a line of other dancers.
Aiming: Line Pass
Press: ? - help, Dir - move target cursor The seven-headed hydra appears confused.
You feel somewhat more hungry.
You can no longer pass through a line of other dancers.
You barely miss the seven-headed hydra.
You claw the seven-headed hydra, but do no damage.
You bite the seven-headed hydra. You drain its power.
You feel invigorated.
The seven-headed hydra is moderately wounded.
The seven-headed hydra seems less confused.
You block the seven-headed hydra's attack.
The seven-headed hydra bites you! The seven-headed hydra bites you.
* * * LOW HITPOINT WARNING * * *
The seven-headed hydra bites you!
* * * LOW HITPOINT WARNING * * *
The seven-headed hydra bites you.
* * * LOW HITPOINT WARNING * * *
The seven-headed hydra bites you.
You die...

..###...#.##...........#.#.......
..'...........####.._........#...
..###......#... #..........#.#...
..# #......####+##.....#.........
..####...............###.........
.)...###'###.........# #.†.......
##.#.# #...#.........# #†#####.#.
.#.# ###.#.##+###### #.# .#
####.###((.#....@# #.## ..
.......#.#######D#######[÷######.
.......#.#.............).....# .
.......#)#.#.......#########.#
)......#)#.#.......##..## #
)......#.#.##.....##....# .
.........#.####.###.....#..
##.......).##........# ..
########..#.........# .#


You could see a seven-headed hydra.

Vanquished Creatures
  3 slime creatures (D:8)
  Sigmund (D:2)
  A water moccasin (D:5)
  An ice beast (D:7)
  2 orc warriors
  A black bear (D:8)
  2 ogres
  2 phantoms (D:7)
  A centaur (D:7)
  2 bullfrogs (D:7)
  A wyvern skeleton (D:6)
  3 scorpions
  3 killer bees
  5 wights (D:6)
  3 crimson imps
  2 jellies (D:6)
  2 quasits
  A bullfrog zombie (D:6)
  A centaur zombie (D:6)
  3 hounds (D:7)
  3 centaur skeletons
  9 orc priests
  8 worker ants
  Ijyb (D:3)
  2 iguanas
  Natasha (thrice) (D:2)
  A big kobold zombie (Ossuary)
  A hound zombie (D:7)
  8 mummies (Ossuary)
  Robin (D:2)
  10 adders
  5 gnolls
  A shadow imp (D:5)
  2 oozes
  An adder zombie (D:5)
  A dart slug (D:1)
  8 leopard geckos
  20 orcs
  6 bats
  6 giant cockroaches
  A gnoll zombie (Ossuary)
  17 goblins
  9 hobgoblins
  15 jackals
  3 quokkas
  3 frilled lizards
  4 hobgoblin zombies (Ossuary)
  A jackal zombie (D:7)
  6 kobolds
  A kobold zombie (Ossuary)
  An orc zombie (Ossuary)
  A quokka zombie (D:7)
  18 rats
217 creatures vanquished.

Notes
Turn   | Place    | Note
-------+----------+-------------------------------------------
     0 | D:1      | Jerry the Vine Stalker Assassin began the quest for the Orb.
     0 | D:1      | Reached XP level 1. HP: 11/11 MP: 2/2
    19 | D:1      | Reached skill level 5 in Stealth
    39 | D:1      | Reached XP level 2. HP: 4/15 MP: 3/3
   490 | D:1      | Reached skill level 1 in Armour
   795 | D:1      | Reached XP level 3. HP: 3/18 MP: 1/4
  1848 | D:1      | Gained mutation: Your natural rate of healing is unusually fast. [Vine Stalker growth]
  1848 | D:1      | Reached XP level 4. HP: 23/23 MP: 5/5
  1954 | D:2      | Found a faded altar of an unknown god.
  2035 | D:2      | Found a deep blue altar of Sif Muna.
  2039 | D:2      | Noticed Sigmund
  2154 | D:2      | Noticed Natasha
  2166 | D:2      | Killed Natasha
  2175 | D:2      | Learned a level 2 spell: Blink
  2220 | D:2      | Found a shadowy altar of Dithmenos.
  2221 | D:2      | Found a glowing golden altar of the Shining One.
  2659 | D:2      | Found an iron altar of Okawaru.
  2692 | D:2      | Noticed Natasha
  2698 | D:2      | Killed Natasha
  2698 | D:2      | Reached XP level 5. HP: 28/28 MP: 6/6
  2723 | D:2      | Noticed Natasha
  2742 | D:2      | Killed Natasha
  2847 | D:2      | Killed Sigmund
  2847 | D:2      | Reached XP level 6. HP: 32/32 MP: 7/7
  2887 | D:3      | Noticed Robin
  2923 | D:2      | Killed Robin
  3081 | D:3      | Noticed Ijyb
  3096 | D:3      | Killed Ijyb
  3260 | D:3      | Found a snail-covered altar of Cheibriados.
  3606 | D:3      | Reached XP level 7. HP: 33/37 MP: 6/8
  3996 | D:4      | Found a shattered altar of Ashenzari.
  4534 | D:5      | Entered Level 5 of the Dungeon
  4765 | D:5      | Found a sand-covered staircase.
  4773 | Ossuary  | Entered an ossuary
  5225 | Ossuary  | Reached skill level 11 in Short Blades
  5225 | Ossuary  | Gained mutation: You have razor-sharp teeth. [Vine Stalker growth]
  5225 | Ossuary  | Reached XP level 8. HP: 42/42 MP: 9/9
  5228 | Ossuary  | Gained mutation: You have sharp toenails. [potion of mutation]
  5228 | Ossuary  | Gained mutation: You are partially covered in large bone plates. (SH +4) [potion of mutation]
  5228 | Ossuary  | Gained mutation: You are weak. (Str -2) [potion of mutation]
  5323 | D:5      | Reached skill level 5 in Fighting
  5563 | D:5      | Reached XP level 9. HP: 47/47 MP: 10/10
  6073 | D:6      | Identified Tolox's Grimoire of Cankerous Transmutation
  6097 | D:6      | Found Zastrai's Gadget Emporium.
  6449 | D:6      | Found Nostra Isiu's Antique Armour Emporium.
  6941 | D:7      | Found a staircase to the Ecumenical Temple.
  6946 | D:7      | Found a sparkling altar of Nemelex Xobeh.
  6982 | Temple   | Entered the Ecumenical Temple
  7125 | Temple   | Became a worshipper of Uskayaw the Reveler
  7221 | D:7      | Reached * piety under Uskayaw
  7223 | D:7      | Noticed a hornet
  7243 | D:7      | Reached ** piety under Uskayaw
  7244 | D:7      | Reached skill level 1 in Invocations
  7381 | D:7      | Reached *** piety under Uskayaw
  7408 | D:7      | Reached **** piety under Uskayaw
  7504 | D:7      | Reached XP level 10. HP: 53/53 MP: 12/12
  7745 | D:8      | Found Penill's Gadget Shoppe.
  8135 | D:8      | Found an iron altar of Okawaru.
  8268 | D:8      | Reached skill level 12 in Short Blades
  8327 | D:8      | Noticed a seven-headed hydra
  8352 | D:8      | HP: 2/53 [seven-headed hydra (4)]
  8352 | D:8      | Slain by a seven-headed hydra

Skill      XL: |  1  2  3  4  5  6  7  8  9 10 |
---------------+-------------------------------+-----
Stealth        | 5 6 7 8 |  8.0
Fighting       | 2 3 4 5 |  5.8
Armour         | 1 2 3 4 |  4.4
Short Blades   | 11 12 | 12.1
Invocations    | 2 4 |  4.1
Throwing       | |  1.7
Dodging        | |  0.7

Action                   |  1- 3 |  4- 6 |  7- 9 | 10-12 || total
-------------------------+-------+-------+-------+-------++-------
Melee: Dagger            |    93 |    24 |       |       ||   117
       Bite              |    21 |    36 |   103 |    42 ||   202
       Short sword       |       |   115 |   325 |   142 ||   582
       Kick              |       |       |    61 |    46 ||   107
Invok: Line Pass         |       |       |       |     7 ||     7
       Stomp             |       |       |       |     2 ||     2
Evoke: Wand              |       |       |     1 |       ||     1
  Use: Scroll            |       |     4 |     7 |       ||    11
       Potion            |       |     1 |     2 |       ||     3
 Stab: Sleeping          |     6 |    15 |    21 |       ||    42
       Distracted        |       |       |     3 |     1 ||     4
       Paralysed         |       |       |     1 |     3 ||     4
       Confused          |       |       |       |     2 ||     2
  Eat: Bread ration      |     1 |       |       |       ||     1
       Chunk             |       |     4 |    12 |     5 ||    21
Armor: Robe              |     9 |    17 |       |       ||    26
       Skin              |       |     7 |       |       ||     7
       Leather armour    |       |    13 |    47 |    28 ||    88
Dodge: Dodged            |    47 |    62 |    93 |    45 ||   247
Block: Other             |       |       |    10 |    20 ||    30
